 Dungeon Crawl Stone Soup version bcrawl-1.21.3 (webtiles) character file.

Game seed: 8445457576794404691

23244 Flugslaktarn the Severer (level 12, -17/80 HPs)
             Began as a Skeleton Archaeologist on Mar 30, 2020.
             Was an Initiate of Gozag.
             Demolished by a dire elephant (19 damage)
             ... on level 2 of the Lair of Beasts.
             The game lasted 00:07:56 (11869 turns).

Flugslaktarn the Severer (Skeleton Archaeologist)  Turns: 11869, Time: 00:07:56

Health: -17/80     AC: 25    Str: 26      XL:     12   Next: 70%
Magic:  0/22       EV: 15    Int: 17 (18) God:    Gozag
Gold:   1078       SH: 16    Dex: 15 (16) Spells: 11/11 levels left

rFire    + . .     SeeInvis .   s - +3 hand axe (freeze)
rCold    + + .     Gourm    .   v - +0 large shield
rNeg     + + +     Faith    .   d - +5 chain mail "Unineru" {rElec rF+ Int+4}
rPois    ∞         Spirit   +   l - +0 helmet
rElec    +         Reflect  .   i - +0 cloak
rCorr    .         Harm     .   b - +0 pair of gloves
MR       +....                  w - +2 pair of boots "Miucoune" {rC+ Str+4}
Stlth    ++........             (no amulet)
HPRegen  0.23/turn              p - ring of magical power
MPRegen  0.18/turn              f - ring of Fyroufuo {rElec EV+2 Dex+4 Slay+5}

@: agile, gold aura, very slightly contaminated
A: no food or potions, cold resistance 1, deterioration 1, negative energy
resistance 3, powered by death 1, torment resistance, unbreathing, magic shield,
sturdy frame 2, spell healing
a: Potion Petition, Call Merchant, Bribe Branch, Renounce Religion


You were on level 2 of the Lair of Beasts.
You worshipped Gozag.
Gozag was most pleased with you.
You were not hungry.

You visited 2 branches of the dungeon, and saw 12 of its levels.

You collected 2302 gold pieces.
You spent 537 gold pieces at shops.
You paid 687 gold pieces to Gozag.

Inventory:

Hand Weapons
 a - a +0 war axe
   (You found it on level 4 of the Dungeon)
 q - the +8 autumn katana {slice, Clar}
   (You found it on level 4 of the Dungeon)

   It inflicts extra damage upon your enemies.
   It protects you against confusion.
 s - a +3 hand axe of freezing (weapon)
   (You took it off an orc on level 4 of the Dungeon)
Armour
 b - a +0 pair of gloves (worn)
   (You found it on level 2 of the Dungeon)
 d - the +5 chain mail "Unineru" (worn) {rElec rF+ Int+4}
   (You found it on level 9 of the Dungeon)

   It affects your intelligence (+4).
   It protects you from fire.
   It insulates you from electricity.
 i - a +0 cloak (worn)
   (You found it on level 1 of the Dungeon)
 l - a +0 helmet (worn)
   (You found it on level 1 of the Dungeon)
 n - a +0 plate armour
   (You found it on level 2 of the Dungeon)
 v - a +0 large shield (worn)
   (You bought it in a shop on level 8 of the Dungeon)
 w - the +2 pair of boots "Miucoune" (worn) {rC+ Str+4}
   (You bought it in a shop on level 8 of the Dungeon)

   It affects your strength (+4).
   It protects you from cold.
Jewellery
 f - the ring of Fyroufuo (right hand) {rElec EV+2 Dex+4 Slay+5}
   (You acquired it on level 7 of the Dungeon)

   [ring of evasion]

   It affects your evasion (+2).
   It affects your dexterity (+4).
   It affects your accuracy and damage with ranged weapons and melee attacks
   (+5).
   It insulates you from electricity.
 j - a +2 ring of strength
   (You found it on level 1 of the Dungeon)
 p - a ring of magical power (left hand)
   (You found it on level 7 of the Dungeon)
Wands
 h - a wand of acid (11)
   (You found it on level 2 of the Lair of Beasts)
Scrolls
 c - a scroll of enchant weapon
 e - 4 scrolls of magic mapping
 g - a scroll of fear
 k - a scroll of fog {unknown}
 o - a scroll of enchant armour
 r - 2 scrolls of identify
 t - 3 scrolls of teleportation
 u - 2 scrolls of immolation
 x - 8 scrolls of remove curse
 z - a scroll of blinking


   Skills:
 + Level 11.1 Fighting
 * Level 16.1 Axes
   Level 1.2(10.9) Maces & Flails
 + Level 11.0 Armour
 - Level 3.0 Dodging
 - Level 3.6 Stealth
 + Level 5.7 Shields
 + Level 2.2 Evocations


You had 11 spell levels left.
You didn't know any spells.
Your spell library was empty.

Dungeon Overview and Level Annotations

Branches:
Dungeon (10/12)            Temple (0/1) D:7            Lair (2/6) D:8
  Swamp (0/3) Lair:2        Snake (0/3) Lair:2          Orc (0/1) D:8

Altars:
Ashenzari
Cheibriados
Dithmenos
Elyvilon
Fedhas
Gozag
Hepliaklqana
Lugonu
Makhleb
Nemelex Xobeh
Ru
Trog
Xom
Yredelemnul
Zin

Shops:
D:8 ([

Annotations:
D:4 1 runed translucent door, Quickbrownfox's ghost, amateur MiAc
D:10 2 runed doors


Innate Abilities, Weirdness & Mutations

You do not eat or drink.
You are immune to poison.
Your flesh is cold resistant. (rC+)
Your body sometimes deteriorates upon taking damage.
You are immune to negative energy. (rN+++)
You regenerate a little health from kills.
You are immune to unholy pain and torment.
You can survive without breathing.
When hurt, damage is shared between your health and your magic reserves.
Your movements are less encumbered by armour. (ER -4)
Casting spells heals you.


Message History

You flicker back into view.
You hit the dire elephant but do no damage.
The dire elephant is moderately wounded.
You slash the elephant! You freeze the elephant.
You kill the elephant!
You feel your strength returning. The dire elephant tramples you!!
* * * LOW HITPOINT WARNING * * *
Your body deteriorates!
You feel dopey.
You stumble backwards!
Found an elephant skeleton.
You slash the dire elephant! You freeze the dire elephant.
The dire elephant is heavily wounded.
The dire elephant tramples you but does no damage.
The dire elephant trunk-slaps you but does no damage.
You hit the dire elephant but do no damage.
The dire elephant is heavily wounded.
The dire elephant tramples you!!
You die...
Your body crumbles into a pile of gold.

†.......♣P♣♣...#.....##
÷.........♣♣♣..##.#.....
..÷†÷......♣♣..#####PPP.
≈..÷.÷..P..♣♣..# ##P..
≈..†÷......♣♣..# ###.
≈≈..÷÷.....♣♣..# ##
≈≈≈.........♣♣..# #
.÷.≈≈≈..÷.†.....♣..## #
.÷÷..≈≈.....@Y..♣♣...#
..†÷..≈......$..♣♣...#
....÷..≈≈....$..♣♣♣..##
........≈≈.....♣♣♣♣...# # ♣
P........≈.....P♣♣...## ### ♣
..........$.P♣P♣.....# ##.# ♣♣
........$..P♣♣♣♣....## ###... .♣♣
♣♣♣....♣..♣♣♣♣......###.....
..♣♣♣♣♣♣....♣♣♣♣♣♣...........###.


You could see a dire elephant.

Vanquished Creatures
  3 two-headed ogres
  3 death yaks
  A cyclops (D:8)
  2 manticores
  A centaur zombie (D:10)
  15 elephants (Lair:2)
  2 centaur skeletons
  2 cane toads (Lair:2)
  A komodo dragon (Lair:2)
  2 polar bears (Lair:2)
  A troll (D:7)
  3 hippogriffs
  Grinder (D:6)
  7 blink frogs (Lair:2)
  Prince Ribbit (D:7)
  2 bog bodies (Lair:2)
  7 yaks
  A basilisk (Lair:2)
  Grum (D:8)
  A human (D:7)
  3 hungry ghosts
  4 hogs (D:7)
  Menkaure (D:7)
  4 nagas (Lair:2)
  An acid dragon (D:8)
  2 water moccasins
  3 crocodiles
  2 orc warriors
  A porcupine (D:8)
  A sky beast (D:5)
  3 ice beasts
  A black bear (D:7)
  2 phantoms
  14 wolves
  2 necrophages
  A centaur (D:6)
  3 ogres
  10 bullfrogs
  A wyvern zombie (D:6)
  3 scorpions
  3 killer bees (D:8)
  3 wights (D:9)
  A howler monkey (D:7)
  3 electric eels (D:8)
  4 crimson imps
  A quasit (D:9)
  4 orc priests
  4 hounds
  2 jellies (D:6)
  Crazy Yiuf (D:7)
  2 hell rats (D:8)
  6 orc wizards
  7 worker ants
  A hound zombie (D:9)
  A worker ant zombie (D:7)
  A howler monkey zombie (D:6)
  11 adders
  3 gnolls (D:7)
  2 shadow imps
  3 oozes
  An adder zombie (D:6)
  An adder skeleton (D:7)
  3 worms
  3 dart slugs
  6 leopard geckos
  26 orcs
  A ball python (D:2)
  5 giant cockroaches
  3 goblins
  7 hobgoblins
  4 jackals
  7 kobolds
  11 quokkas
  4 bats
  4 frilled lizards
  6 rats
  2 fungi (Lair:2)
  2 plants (Lair:2)
278 creatures vanquished.

Vanquished Creatures (others)
  90 fungi
  42 plants (Lair:2)
132 creatures vanquished.

Grand Total: 410 creatures vanquished

Notes
Turn   | Place    | Note
-------+----------+-------------------------------------------
     0 | D:1      | Flugslaktarn the Skeleton Archaeologist began the quest for
                  | the Orb.
     0 | D:1      | Reached XP level 1. HP: 12/12 MP: 1/1
   320 | D:1      | Reached XP level 2. HP: 17/17 MP: 2/2
   645 | D:1      | Found a glowing golden altar of the Shining One.
   649 | D:1      | Found a shimmering altar of Xom.
   649 | D:1      | Found a burning altar of Makhleb.
   651 | D:1      | Found a glowing silver altar of Zin.
   651 | D:1      | Found a glowing silver altar of Zin.
   651 | D:1      | Found a glowing silver altar of Zin.
   899 | D:2      | Reached XP level 3. HP: 12/23 MP: 3/3
  1594 | D:2      | Found a shadowy altar of Dithmenos.
  1595 | D:2      | Found a snail-covered altar of Cheibriados.
  1841 | D:2      | Found a faded altar of an unknown god.
  2399 | D:3      | Reached XP level 4. HP: 29/29 MP: 4/4
  3157 | D:4      | Found a blossoming altar of Fedhas.
  3180 | D:4      | Noticed a phantom
  3238 | D:4      | Killed a phantom
  3238 | D:4      | Reached skill level 2 in Axes
  3238 | D:4      | Reached skill level 1 in Armour
  3238 | D:4      | Reached XP level 5. HP: 19/34 MP: 2/5
  3238 | D:4      | Identified a scroll of acquirement
  3616 | D:4      | Found a shattered altar of Ashenzari.
  3622 | D:4      | Reached skill level 5 in Fighting
  3622 | D:4      | Reached skill level 3 in Axes
  3622 | D:4      | Gained mutation: You regenerate a little health from kills.
                  | [Skeleton growth]
  3622 | D:4      | Reached XP level 6. HP: 37/40 MP: 4/6
  3726 | D:4      | Found the +8 autumn katana {slice, Clar}
  3963 | D:4      | Found a runed translucent door.
  3963 | D:4      | Noticed Quickbrownfox's ghost (amateur MiAc)
  4019 | D:5      | Entered Level 5 of the Dungeon
  4028 | D:5      | Noticed an ice beast
  4040 | D:5      | Killed an ice beast
  4164 | D:5      | Found a bloodstained altar of Trog.
  4173 | D:5      | Noticed a hungry ghost
  4186 | D:5      | Killed a hungry ghost
  4186 | D:5      | Reached skill level 4 in Axes
  4186 | D:5      | Reached XP level 7. HP: 41/44 MP: 7/7
  4237 | D:5      | Reached skill level 5 in Axes
  4547 | D:6      | Reached skill level 6 in Axes
  4688 | D:6      | Reached XP level 8. HP: 51/51 MP: 8/8
  4839 | D:6      | Noticed Grinder
  4852 | D:6      | Reached skill level 7 in Axes
  4857 | D:6      | Paralysed by Grinder for 3 turns
  4861 | D:6      | Killed Grinder
  5016 | D:6      | Reached skill level 8 in Axes
  5016 | D:6      | Reached skill level 5 in Armour
  5423 | D:7      | Found an opulent altar of Gozag.
  5434 | D:7      | Became a worshipper of Gozag Ym Sagoz the Greedy
  5435 | D:7      | Identified the +2 pair of boots of the King of the Hill
                  | {Str+4} (You acquired it on level 7 of the Dungeon)
  5435 | D:7      | Identified the ring of Fyroufuo {rElec EV+2 Dex+4 Slay+5}
                  | (You acquired it on level 7 of the Dungeon)
  5495 | D:7      | Reached skill level 9 in Axes
  5497 | D:7      | Reached XP level 9. HP: 46/57 MP: 6/9
  5563 | D:7      | Found a staircase to the Ecumenical Temple.
  5589 | D:7      | Found a runed door.
  5692 | D:7      | Noticed a troll
  5699 | D:7      | Killed a troll
  5879 | D:7      | Reached skill level 10 in Axes
  6389 | D:7      | Found a burning altar of Makhleb.
  6393 | D:7      | Found a hazy altar of Hepliaklqana.
  6443 | D:7      | Found a corrupted altar of Lugonu.
  6504 | D:7      | Noticed Menkaure
  6509 | D:7      | Killed Menkaure
  6509 | D:7      | Reached skill level 11 in Axes
  6537 | D:7      | Noticed Prince Ribbit
  6550 | D:7      | Killed Prince Ribbit
  6780 | D:7      | Gained mutation: Your movements are less encumbered by
                  | armour. (ER -4) [Skeleton growth]
  6780 | D:7      | Reached XP level 10. HP: 64/64 MP: 10/10
  6811 | D:7      | Noticed Crazy Yiuf
  6814 | D:7      | Killed Crazy Yiuf
  6860 | D:8      | Found a sparkling altar of Nemelex Xobeh.
  6971 | D:8      | Found a white marble altar of Elyvilon.
  6996 | D:8      | Found a staircase to the Lair.
  6996 | D:8      | Noticed a death yak
  6997 | D:8      | Noticed a death yak
  6998 | D:8      | Noticed a death yak
  7004 | D:8      | Noticed Grum
  7304 | D:7      | Killed a death yak
  7438 | D:8      | Killed a death yak
  7438 | D:8      | Reached skill level 12 in Axes
  7817 | D:8      | Killed a death yak
  7982 | D:8      | Found a shattered altar of Ashenzari.
  8010 | D:8      | Found Jafecs's Armour Shop.
  8028 | D:8      | Killed Grum
  8043 | D:8      | Found a staircase to the Orcish Mines.
  8051 | D:8      | Found Yzo Kyrgh's Weapon Shop.
  8060 | D:8      | Noticed a cyclops
  8070 | D:8      | Killed a cyclops
  8070 | D:8      | Reached skill level 13 in Axes
  8082 | D:8      | Bought a +0 large shield for 58 gold pieces
  8082 | D:8      | Bought the +2 pair of boots "Miucoune" {rC+ Str+4} for 479
                  | gold pieces
  8361 | D:8      | Reached XP level 11. HP: 66/71 MP: 11/11
  8542 | D:8      | Found a basalt altar of Yredelemnul.
  8933 | D:8      | Found a sacrificial altar of Ru.
  8934 | D:8      | Noticed a two-headed ogre
  8942 | D:8      | Killed a two-headed ogre
  9264 | D:9      | Noticed a two-headed ogre
  9273 | D:9      | Killed a two-headed ogre
  9300 | D:9      | Reached skill level 14 in Axes
  9306 | D:9      | Reached skill level 10 in Fighting
  9328 | D:9      | Got a warped chain mail
  9361 | D:9      | Identified the +5 chain mail "Unineru" {rElec rF+ Int+4}
                  | (You found it on level 9 of the Dungeon)
  9675 | D:9      | Reached skill level 1 in Shields
  9836 | D:9      | Found a sacrificial altar of Ru.
  9900 | D:10     | Entered Level 10 of the Dungeon
  9948 | D:10     | Found a blossoming altar of Fedhas.
  9950 | D:10     | Noticed a two-headed ogre
  9960 | D:10     | Killed a two-headed ogre
 10107 | D:10     | Reached skill level 10 in Armour
 10124 | D:10     | Noticed a six-headed hydra
 10173 | D:10     | Found a large runed door.
 10173 | D:10     | Found a large runed door.
 10173 | D:10     | Noticed an eight-headed hydra
 10174 | D:10     | Noticed a great orb of eyes
 10174 | D:10     | Noticed a deep elf mage
 10174 | D:10     | Noticed a centaur warrior
 10287 | Lair:1   | Entered Level 1 of the Lair of Beasts
 10336 | Lair:1   | Noticed a six-headed hydra
 10416 | Lair:1   | Noticed a seven-headed hydra
 10737 | Lair:2   | Reached skill level 15 in Axes
 10815 | Lair:2   | Reached XP level 12. HP: 78/78 MP: 12/12
 11144 | Lair:2   | Found a staircase to the Swamp.
 11346 | Lair:2   | Reached skill level 5 in Shields
 11359 | Lair:2   | Reached skill level 1 in Evocations
 11531 | Lair:2   | Found a staircase to the Snake Pit.
 11806 | Lair:2   | Noticed a dire elephant
 11834 | Lair:2   | Reached skill level 16 in Axes
 11867 | Lair:2   | HP: 1/80 [dire elephant (20)]
 11869 | Lair:2   | Demolished by a dire elephant

Skill      XL: |  1  2  3  4  5  6  7  8  9 10 11 12 |
---------------+-------------------------------------+-----
Fighting       | 2 3 4 5 6 7 8 9 10 11 | 11.1
Axes           | 2 3 4 6 9 11 13 15 16 | 16.1
Armour         | 1 2 4 5 7 8 10 11 | 11.0
Shields        | 3 5 |  5.7
Evocations     | 2 |  2.2
Maces & Flails | |  1.2
Dodging        | |  3.0
Stealth        | |  3.6

Action                   |  1- 3 |  4- 6 |  7- 9 | 10-12 || total
-------------------------+-------+-------+-------+-------++-------
Melee: Whip              |   133 |       |       |       ||   133
       Flail             |    58 |    40 |       |       ||    98
       Dire flail        |       |    94 |       |       ||    94
       Hand axe          |       |    19 |       |   562 ||   581
       Katana            |       |    22 |   192 |    44 ||   258
Invok: Potion Petition   |       |       |       |     3 ||     3
  Use: Scroll            |       |       |     1 |     9 ||    10
 Stab: Sleeping          |     4 |       |       |       ||     4
       Distracted        |       |       |       |     3 ||     3
       Invisible         |       |       |       |     4 ||     4
Armor: Robe              |    34 |       |       |       ||    34
       Plate armour      |    54 |   115 |   131 |    93 ||   393
       Chain mail        |       |       |       |   163 ||   163
Dodge: Dodged            |   129 |    66 |    83 |   180 ||   458
Block: Large shield      |       |       |       |   212 ||   212
